 Dungeon Crawl Stone Soup version bcrawl-1.21.2-20-g6d45ba5942 (webtiles) character file.

Game seed: 12826637481406488458

3351 BeastOfSaturn the Covert (level 10, -6/50 HPs)
             Began as a Mana Stalker Enchanter on Mar 2, 2020.
             Was a Believer of Dithmenos.
             Killed from afar by an electric eel (7 damage)
             ... with a bolt of electricity
             ... on level 8 of the Dungeon on Mar 3, 2020.
             The game lasted 00:37:12 (6325 turns).

BeastOfSaturn the Covert (Mana Stalker Enchanter)   Turns: 6325, Time: 00:37:13

Health: -6/50      AC: 11    Str: 17    XL:     10   Next: 3%
Magic:  23/23      EV: 13    Int: 17    God:    Dithmenos [**....]
Gold:   531        SH:  0    Dex: 15    Spells: 7/13 levels left

rFire    . . .     SeeInvis .   E - +2 trident "Didd" {drain, rPois MP+9 Str+3}
rCold    . . .     Gourm    .   (no shield)
rNeg     . . .     Faith    .   q - +0 ring mail
rPois    +         Spirit   .   I - +2 helmet
rElec    .         Reflect  .   l - +0 cloak
rCorr    +         Harm     .   B - +0 pair of gloves
MR       ++...                  (no boots)
Stlth    +++++.....             (no amulet)
HPRegen  0.56/turn              p - +2 ring of strength
MPRegen  0.18/turn              t - ring of resist corrosion

@: about to teleport, wreathed by umbra
A: fangs 3, magic resistance 1, regeneration 1, antimagic bite, no potion heal
3, rot immunity, strong jaws
a: Shadow Step, Renounce Religion


You were on level 8 of the Dungeon.
You worshipped Dithmenos.
Dithmenos was pleased with you.
You were not hungry.

You visited 1 branch of the dungeon, and saw 8 of its levels.

You collected 531 gold pieces.

Inventory:

Hand Weapons
 E - the +2 trident "Didd" (weapon) {drain, rPois MP+9 Str+3}
   (You found it on level 5 of the Dungeon)

   A truly terrible weapon, it drains the life of those it strikes.
   It affects your strength (+3).
   It protects you from poison.
   It affects your magic capacity (+9).
Missiles
 n - 33 poisoned tomahawks (quivered)
 u - a throwing net {!f}
 v - 64 tomahawks
Armour
 l - a +0 cloak (worn)
 q - a +0 ring mail (worn)
 B - a +0 pair of gloves (worn)
 I - a +2 helmet (worn)
Jewellery
 c - a +6 ring of dexterity {unknown}
 p - a +2 ring of strength (left hand)
 t - a ring of resist corrosion (right hand)
Wands
 x - a wand of polymorph (14)
 D - a wand of enslavement (8)
 F - a wand of acid (8)
 G - a wand of random effects (8)
Scrolls
 d - 3 scrolls of fog
 h - a scroll of noise
 k - 5 scrolls of teleportation
 m - a scroll of enchant weapon
 o - 2 scrolls of acquirement {unknown}
 r - 2 scrolls of fear
 s - 3 scrolls of remove curse
 w - a scroll of identify
 y - a scroll of immolation
 H - a scroll of blinking {unknown}
 J - a scroll of magic mapping
Potions
 a - a potion of haste {unknown}
 b - 4 potions of flight
 f - a potion of mutation {unknown}
 g - 3 potions of heal wounds {unknown}
 i - a potion of lignification
 j - a potion of agility {unknown}
 z - 8 potions of curing
 A - a potion of degeneration {unknown}
 C - 2 potions of might {unknown}
Comestibles
 e - 12 rations {!d}


   Skills:
 - Level 0.2 Fighting
   Level 5.1 Short Blades
 * Level 5.9 Polearms
 + Level 1.7 Throwing
 * Level 3.0 Armour
 + Level 3.9 Dodging
 - Level 10.4 Stealth
 - Level 2.1 Spellcasting
 * Level 7.3 Hexes
 - Level 1.0 Ice Magic


You had 7 spell levels left.
You knew the following spells:

 Your Spells              Type           Power        Failure   Level  Hunger
a - Corona                Hex            ####...      1%          1    #......
b - Ensorcelled Hibernat  Hex/Ice        ###...       9%          2    ###....
c - Confuse               Hex            ####....     4%          3    ###....

Your spell library contained the following spells:

 Spells                   Type           Power        Failure   Level  Hunger
 Slow                     Hex            ####....     1%          1    #......
 Tukima's Dance           Hex            ####....     4%          3    ###....
 Dazzling Spray           Conj/Hex       ##....       22%         3    ###....
 Apportation              Tloc           #.....       34%         1    #......
 Infusion                 Chrm           #.......     34%         1    #......
 Magic Dart               Conj           #...         34%         1    #......
 Sandblast                Erth           #.....       34%         1    #......
 Summon Butterflies       Summ           #.......     34%         1    #......
 Searing Ray              Conj           #.......     45%         2    ###....
 Fulminant Prism          Conj/Hex       ##........   58%         4    #####..
 Yara's Violent Unravell  Hex/Tmut       ##........   58%         4    #####..
 Iskenderun's Mystic Bla  Conj           #.......     71%         3    ###....
 Metabolic Englaciation   Hex/Ice        ###.......   86%         5    ######.
 Petrify                  Tmut/Erth      #.......     98%         4    #####..
 Irradiate                Conj/Tmut      #.........   100%        5    ######.
 Mana Rupture             Conj/Hex       ##........   100%        7    #######


Dungeon Overview and Level Annotations

Branches:
Dungeon (8/12)             Temple (0/1) D:6
   Lair: D:7-9          Orc: D:8-11

Altars:
Dithmenos
Fedhas
Gozag
Qazlal
Wu Jian

Annotations:
D:8 Gastronok


Innate Abilities, Weirdness & Mutations

You have razor-sharp teeth.
You are resistant to hostile enchantments. (MR+)
Your natural rate of healing is unusually fast.
Your bite disrupts and absorbs the magic of your enemies.
Potions cannot restore your health.
You are immune to rotting.
Your bites deal extra damage.


Message History

The bolt of electricity misses you.
The electric eel shoots out a bolt of lightning at you!
The bolt of electricity hits you!
* * * LOW HITPOINT WARNING * * *
The electric eel shoots out a bolt of lightning at you!
The bolt of electricity hits you.
* * * LOW HITPOINT WARNING * * *
As you read the scroll of fog, it crumbles to dust.
The scroll dissolves into smoke.
A sky beast and Gastronok come into view.
Gastronok is wearing the +3 hat of Pondering {ponderous, MR+ MP+10 Int+5}.
Gastronok gurgles horribly!
The electric eel shoots out a bolt of lightning at you!
The bolt of electricity hits you!
* * * LOW HITPOINT WARNING * * *
As you read the scroll of teleportation, it crumbles to dust.
You feel strangely unstable.
The electric eel shoots out a bolt of lightning at you!
The bolt of electricity hits you!
You die...

.. #.#.### ...#..
##≈ #.#.###########
#≈≈ #...§##§§....wY
#≈≈≈#..§§§#§#
##≈≈≈#.§§§§§#§#
#≈≈≈≈≈.§§§§#§##
.≈≈≈≈≈.§§@####
.≈≈≈≈≈.§§## ###
..###?#...######..#
$..........#.....##.
#.###........#......
≈≈≈;≈...##......#
.≈≈≈≈≈.........#.
#≈≈≈≈≈##.##...##
##≈≈≈# #.###.##


You could see an electric eel.

Vanquished Creatures
  Pikel (D:5)
  A troll (D:7)
  Grinder (D:3)
  Eustachio (D:5)
  Edmund (D:6)
  Duvessa (D:6)
  An ice beast (D:8)
  2 sky beasts
  2 black bears (D:6)
  2 phantoms
  An ogre (D:6)
  A centaur (D:6)
  3 bullfrogs
  A big kobold (D:6)
  Blork the orc (D:5)
  2 scorpions
  A killer bee (D:7)
  A howler monkey (D:5)
  4 crimson imps
  3 hounds
  An orc priest (D:5)
  A jelly (D:6)
  2 orc wizards (D:5)
  A bullfrog skeleton (D:7)
  4 iguanas
  5 worker ants
  9 adders
  An ufetubus (D:8)
  2 adder skeletons
  An adder zombie (D:3)
  3 worms
  3 dart slugs
  3 leopard geckos
  4 orcs
  A ball python (D:1)
  7 bats
  6 giant cockroaches
  5 goblins
  11 hobgoblins
  2 jackals (D:3)
  14 kobolds
  6 quokkas
  5 frilled lizards
  13 rats
141 creatures vanquished.

Vanquished Creatures (others)
  A slave (D:5)
  Dowan (D:5)
  A frilled lizard (D:3)
3 creatures vanquished.

Grand Total: 144 creatures vanquished

Notes
Turn   | Place    | Note
-------+----------+-------------------------------------------
     0 | D:1      | BeastOfSaturn the Vine Stalker Enchanter began the quest
                  | for the Orb.
     0 | D:1      | Reached XP level 1. HP: 10/10 MP: 4/4
    45 | D:1      | Reached XP level 2. HP: 10/15 MP: 6/6
    56 | D:1      | Learned a level 2 spell: Ensorcelled Hibernation
   206 | D:1      | Reached skill level 1 in Short Blades
   521 | D:1      | Reached XP level 3. HP: 13/19 MP: 1/7
   525 | D:1      | Reached skill level 5 in Stealth
  1251 | D:2      | Found a stormy altar of Qazlal.
  1260 | D:2      | Learned a level 3 spell: Confuse
  1378 | D:2      | Reached XP level 4. HP: 24/24 MP: 2/8
  1930 | D:2      | Found an ornate altar of the Wu Jian Council.
  2316 | D:3      | Reached skill level 6 in Stealth
  2356 | D:3      | Reached XP level 5. HP: 28/28 MP: 6/9
  2516 | D:3      | Noticed Grinder
  2531 | D:3      | Paralysed by Grinder for 2 turns
  2532 | D:3      | Killed Grinder
  2532 | D:3      | Reached skill level 7 in Stealth
  2532 | D:3      | Gained mutation: You have razor-sharp teeth. [Vine Stalker
                  | growth]
  2532 | D:3      | Reached XP level 6. HP: 29/32 MP: 10/10
  2565 | D:3      | Found a shadowy altar of Dithmenos.
  2571 | D:3      | Became a worshipper of Dithmenos the Shadowed
  2964 | D:3      | Reached skill level 1 in Ice Magic
  3080 | D:4      | Reached XP level 7. HP: 36/36 MP: 9/11
  3168 | D:4      | Reached skill level 1 in Throwing
  3248 | D:4      | Reached skill level 8 in Stealth
  3595 | D:4      | Found an opulent altar of Gozag.
  3711 | D:4      | Found a blossoming altar of Fedhas.
  3744 | D:5      | Entered Level 5 of the Dungeon
  3768 | D:5      | Gained mutation: Your bite disrupts and absorbs the magic
                  | of your enemies. [Mana Stalker growth]
  3768 | D:5      | Gained mutation: You are resistant to hostile enchantments.
                  | (MR+) [Mana Stalker growth]
  3768 | D:5      | Reached XP level 8. HP: 36/41 MP: 11/12
  3865 | D:5      | Noticed Eustachio
  3869 | D:5      | Killed Eustachio
  3869 | D:5      | Reached skill level 5 in Short Blades
  3869 | D:5      | Reached skill level 5 in Hexes
  3959 | D:5      | Got a pitted trident
  3960 | D:5      | Identified the +2 trident "Didd" {drain, rPois MP+9 Str+3}
                  | (You found it on level 5 of the Dungeon)
  4039 | D:5      | Noticed Pikel
  4058 | D:5      | Killed Pikel
  4058 | D:5      | Reached skill level 1 in Polearms
  4058 | D:5      | Reached skill level 10 in Stealth
  4113 | D:5      | Reached * piety under Dithmenos
  4147 | D:5      | Reached XP level 9. HP: 45/45 MP: 13/13
  4612 | D:5      | Noticed Blork the orc
  4624 | D:5      | Killed Blork the orc
  4809 | D:6      | Noticed Edmund
  4820 | D:6      | Killed Edmund
  4835 | D:6      | Reached skill level 1 in Armour
  4916 | D:6      | Found a staircase to the Ecumenical Temple.
  5458 | D:6      | Noticed Duvessa
  5474 | D:6      | Noticed Dowan
  5480 | D:6      | Killed Duvessa
  5545 | D:5      | Killed Dowan
  5833 | D:7      | Noticed a troll
  5842 | D:7      | Reached skill level 5 in Polearms
  6079 | D:7      | Killed a troll
  6079 | D:7      | Reached ** piety under Dithmenos
  6304 | D:8      | Reached XP level 10. HP: 46/50 MP: 14/14
  6321 | D:8      | Noticed Gastronok
  6324 | D:8      | HP: 1/50 [electric eel/bolt of electricity (10)]
  6325 | D:8      | Killed from afar by an electric eel

Skill      XL: |  1  2  3  4  5  6  7  8  9 |
---------------+----------------------------+-----
Short Blades   | 1 2 3 4 5 |  5.1
Stealth        | 5 6 7 8 10 | 10.4
Hexes          | 4 6 7 |  7.3
Ice Magic      | 1 |  1.0
Throwing       | 1 |  1.7
Dodging        | 3 |  3.9
Polearms       | 2 5 |  5.9
Armour         | 3 |  3.0
Fighting       | |  0.2
Spellcasting   | |  2.1

Action                   |  1- 3 |  4- 6 |  7- 9 | 10-12 || total
-------------------------+-------+-------+-------+-------++-------
Melee: Dagger            |    81 |       |       |       ||    81
       Bite              |     9 |     8 |    62 |       ||    79
       Short sword       |    83 |   107 |    62 |       ||   252
       Rapier            |       |       |    35 |       ||    35
       Trident           |       |       |   216 |     1 ||   217
Throw: Tomahawk          |       |    12 |     7 |       ||    19
 Cast: Ensorcelled Hiber |    23 |     5 |    14 |       ||    42
       Confuse           |       |     1 |     3 |       ||     4
  Use: Scroll            |     1 |     6 |     3 |     2 ||    12
       Potion            |       |     1 |     1 |       ||     2
 Stab: Sleeping          |    13 |    10 |    22 |       ||    45
       Distracted        |       |       |     2 |       ||     2
       Confused          |       |       |     2 |       ||     2
  Eat: Chunk             |     3 |     7 |     3 |       ||    13
       Ration            |       |       |     3 |       ||     3
Armor: Robe              |    40 |       |       |       ||    40
       Ring mail         |     3 |    40 |    94 |       ||   137
       Skin              |       |       |     1 |       ||     1
Dodge: Dodged            |   103 |    56 |   183 |     1 ||   343
